cohdb
Replays
Latest Replays
All Replays
Popular Replays
Top Player Replays
Match Explorer
How It Works
Community
CoH3 Stats
Reddit
Sign in to upload your games and track your stats! →
Sign in with Steam
Match 31205196
Unlisted
Match 31205196
Overview
Messages
Build Orders
End
Construct Barracks
Selects Advanced Infantry Battlegroup
Riflemen Squad
Riflemen Squad
M1 Mortar Team
Grenade Package
Riflemen Squad
Air Support Center
Construct Medical Station
Grasshopper Recon Run
P-47 Dive Bomb
Construct Motor Pool
M1 Anti-tank Gun Team
Selects Convert to Ranger Squad
Selects Designate Assault Position
M1918 Browning Automatic Rifles
P-47 Dive Bomb
M8 Greyhound Armored Car
P-47 Strafing Run
Selects Infantry Assault
P-47 Dive Bomb
P-47 Strafing Run
Construct Tank Depot
Engineer Squad
Ranger Squad
Ranger Squad
Grasshopper Recon Run
P-47 Dive Bomb
M18 Hellcat Tank Destroyer
M4A1 Sherman Medium Tank
Double Sortie
Grasshopper Recon Run
measonlol
Nukepapa
seewip
N.Phorus
0
0
Comments
sign in to comment!
No comments posted yet!